 Dungeon Crawl Stone Soup version 0.31-a0-1074-g0b22e4e0f1 (webtiles) character file.

Game seed: 12457215339160094139

777 monsoonserge the Changeling (level 7, -3/43 HPs)
             Began as an Octopode Shapeshifter on Nov 30, 2023.
             Slain by an ice beast (14 damage)
             ... on level 6 of the Dungeon.
             The game lasted 00:13:09 (4634 turns).

monsoonserge the Changeling (Octopode Shapeshifter) Turns: 4634, Time: 00:13:10

Health: -3/43      AC:  1    Str: 16    XL:     7   Next: 84%
Magic:  7/7        EV: 13    Int: 12    God:
Gold:   251        SH:  0    Dex: 11    Spells: 6/6 levels left

rFire   + . .        s - +2 war axe (vamp)
rCold   . . .        (no shield)
rNeg    . . .        (helmet currently unavailable)
rPois   .            (no amulet)
rElec   .            j - ring of flight
rCorr   .            x - ring of protection from fire
SInv    .            (no ring)
Will    .....        (no ring)
Stlth   ++++         (no ring)
HPRegen 0.27/turn    (no ring)
MPRegen 0.10/turn    (no ring)
                     (no ring)

%: no passive effects
@: beast-form, flying
A: beast (slay +3), almost no armour, amphibious, 8 rings, camouflage 1,
gelatinous body 1, (nimble swimmer 1), tentacles
a: Begin Untransformation


You were on level 6 of the Dungeon.
You were a hulking beast.
You visited 1 branch of the dungeon, and saw 6 of its levels.
You also visited: Sewer.

You collected 251 gold pieces.

Inventory:

Hand Weapons
 n - a +2 short sword of venom
 s - a +2 vampiric war axe (weapon)
Jewellery
 j - a ring of flight (left tentacle)
 x - a ring of protection from fire (right tentacle)
Talismans
 b - a beast talisman
 c - a flux talisman
 y - a dragon-blood talisman
Wands
 A - a wand of digging (1)
Scrolls
 d - a scroll of blinking {unknown}
 e - a scroll of identify
 f - 2 scrolls of enchant weapon {unknown}
 g - 2 scrolls of revelation
 i - 2 scrolls of immolation
 k - 2 scrolls of summoning {unknown}
 l - a scroll of poison {unknown}
 m - a scroll of enchant armour {unknown}
 o - a scroll of brand weapon {unknown}
 p - 2 scrolls of noise {unknown}
 q - 3 scrolls of teleportation {unknown}
 t - a scroll of fear {unknown}
 u - a scroll of fog {unknown}
 v - a scroll of torment {unknown}
 C - 3 scrolls of vulnerability {unknown}
Potions
 a - a potion of lignification
 h - 2 potions of attraction
 r - 3 potions of curing {unknown}
 w - a potion of resistance {unknown}
 z - 2 potions of heal wounds
 B - a potion of enlightenment {unknown}
 D - a potion of haste {unknown}


   Skills:
 - Level 1.0 Fighting
 - Level 2.0 Axes
 + Level 2.9 Dodging
 - Level 6.0 Stealth
 - Level 4.0 Unarmed Combat
 + Level 6.1 Shapeshifting


You had 6 spell levels left.
You didn't know any spells.
Your spell library contained the following spells:

 Spells                   Type           Power      Damage    Failure   Level
 Summon Small Mammal      Summ           0%         N/A       32%         1
 Call Canine Familiar     Summ           0%         N/A       69%         3
 Summon Guardian Golem    Hex/Summ       0%         N/A       69%         3


Dungeon Overview and Level Annotations

Branches:
Dungeon (6/15)              Sewer (visited)
 Temple: D:4-7

Altars:
Cheibriados
Dithmenos
Fedhas
Hepliaklqana
Zin

Shops:
D:5 =


Innate Abilities, Weirdness & Mutations

You are a hulking beast.
Your limbs bulge with bestial killing power. (Slay +3)
You cannot wear most types of armour.
You are amphibious.
You can wear up to eight rings at the same time.
Your skin changes colour to match your surroundings (Stealth+).
Your rubbery body absorbs attacks. (AC +1, EV +1)
((You are camouflaged when in or above water. (Stealth+)))
You have tentacles for arms and can constrict up to eight enemies at once.


Message History

Your squeeze misses the steam dragon.
The steam dragon is severely wounded.
The steam dragon bites you. The steam dragon claws you.
You slash the steam dragon!
You feel better.
You kill the steam dragon!
Training target 6.0 for Stealth reached!
Your Stealth skill increases to level 6!
Your Shapeshifting skill increases to level 6!
HP restored.
You now have 242 gold pieces (gained 13).
D - a puce potion A hound comes into view.
Found 9 gold pieces.
The helpless hound fails to defend itself.
You hit the hound. You grab the hound.
The hound is moderately wounded.
You constrict the hound. The hound bites you. The hound misses you.
You barely miss the hound. You squeeze the hound.
The hound is severely wounded.
You constrict the hound.
You kill the hound!
Found 14 gold pieces.
An ice beast comes into view.
You see here 9 gold pieces.
You now have 251 gold pieces (gained 9).
The helpless ice beast fails to defend itself.
You hit the ice beast.
You feel better.
The ice beast is lightly wounded.
The ice beast hits you. The ice beast freezes you!
The ice beast closely misses you.
You closely miss the ice beast.
Your tentacle-slap misses the ice beast.
The ice beast is lightly wounded.
The ice beast hits you. The ice beast freezes you!
You slash the ice beast!
The ice beast is moderately wounded.
The ice beast hits you.
* * * LOW HITPOINT WARNING * * *
The ice beast freezes you!
You die...

.........## #.... #.............
###.... ... .......... .......
... ##.....# ....... ..#
..#......## . ..##......##..#...
#..>... ....##.............#
#...<.. .#.##...#...Y.....#
#.[#... ....#...#..h#
........#... # #......###.##
............ #. #..###.##...#
#?..........
#..####...##..#...#..###.........
##...................# #.........
...##..##..........$.# #.........
... #..###..†........# ..........
.. ##..###..#.#.#.....
.#####..###....#.#....#. ....


You could see an ice beast.

Vanquished Creatures
  A steam dragon (D:6)
  Blork the orc (D:4)
  2 bullfrogs (Sewer)
  A scorpion (D:4)
  A hound (D:6)
  An orc priest (D:5)
  A sleepcap (D:4)
  3 iguanas
  A gnoll (D:3)
  9 adders
  2 white imps (D:5)
  3 worms
  A dart slug (D:1)
  7 orcs
  5 bats
  14 endoplasms
  10 giant cockroaches
  6 goblins
  6 hobgoblins
  2 jackals (D:2)
  14 quokkas
  7 ball pythons
  11 frilled lizards
  9 kobolds
  6 rats
124 creatures vanquished.

Notes
Turn   | Place    | Note
-------+----------+-------------------------------------------
     0 | D:1      | monsoonserge the Octopode Shapeshifter began the quest for
                  | the Orb.
     0 | D:1      | Reached XP level 1. HP: 13/13 MP: 1/1
   135 | D:1      | Reached XP level 2. HP: 10/18 MP: 2/2
   444 | D:1      | Reached XP level 3. HP: 20/23 MP: 3/3
   445 | D:1      | You fall into a shaft and drop 1 floor!
   526 | D:2      | Reached skill level 1 in Stealth
   887 | D:2      | Found a faded altar of an unknown god.
  1010 | D:2      | Reached XP level 4. HP: 28/28 MP: 4/4
  1638 | D:3      | Found a glowing drain.
  1675 | Sewer    | Entered a sewer
  1716 | Sewer    | Reached XP level 5. HP: 33/33 MP: 5/5
  1853 | Sewer    | Identified the +0 robe of Ru's Scorn {-Tele Str+4 Int+2}
  1861 | Sewer    | Reached skill level 5 in Shapeshifting
  1861 | Sewer    | Reached XP level 6. HP: 22/38 MP: 6/6
  2737 | D:4      | Found a snail-covered altar of Cheibriados.
  2893 | D:4      | Noticed Blork the orc
  2994 | D:4      | Found a blossoming altar of Fedhas.
  3177 | D:4      | Killed Blork the orc
  3178 | D:4      | Reached XP level 7. HP: 37/43 MP: 7/7
  3479 | D:5      | Entered Level 5 of the Dungeon
  3761 | D:5      | Found a glowing silver altar of Zin.
  3870 | D:5      | Found a shadowy altar of Dithmenos.
  3939 | D:5      | Reached skill level 5 in Stealth
  3950 | D:5      | Found a hazy altar of Hepliaklqana.
  4253 | D:5      | Found Gabbul's Jewellery Shoppe.
  4274 | D:5      | Identified the +4 scale mail of Lies {Rampage Drain rF++
                  | rC+}
  4552 | D:6      | Noticed a steam dragon
  4558 | D:6      | Killed a steam dragon
  4634 | D:6      | Slain by an ice beast

Illustrated notes

Levels and vault maps discovered:
D:1:      matt_arrival_refuge, layout_loops_ring, serial_aquarium,
          aquarium_bridge_square [aquarium_subvault_bridge,
          aquarium_subvault_bridge, aquarium_subvault_bridge,
          aquarium_subvault_window], aquarium_bridge_long_joined
          [aquarium_subvault_wall, aquarium_subvault_wall,
          aquarium_subvault_wall, aquarium_subvault_bridge,
          aquarium_subvault_bridge, aquarium_subvault_wall], aquarium_window_1,
          aquarium_window_corridor_1, aquarium_view_2e, aquarium_view_2c,
          aquarium_balcony_3a, aquarium_pool_corner, minmay_misc_feat_diagonals,
          columned_hall_lemuel
D:2:      layout_basic, hellmonk_ecumenical_altar_blasted
D:3:      layout_loops_ring, cheibrodos_sewer_entry_bend
D:4:      layout_cave_pools, nicolae_overflow_crystal_walls,
          mainiacjoe_overflow_surrounded_room, nicolae_twisty_statue_hallways,
          uniq_blork_the_orc
D:5:      layout_loops_ring, lemuel_tele_altar, zin_scriptorium,
          worldfamousw_hep_ancestral_shrine, serial_shops,
          nicolae_shop_gaudy_bauble, nicolae_zig_zag_zippers
D:6:      layout_cave_pools

Skill      XL: |  1  2  3  4  5  6  7 |
---------------+----------------------+-----
Stealth        | 1 2 4 6 |  6.0
Shapeshifting  | 4 5 6 |  6.1
Axes           | 2 |  2.0
Unarmed Combat | 4 |  4.0
Fighting       | |  1.0
Dodging        | |  2.9

Action                     |  1- 3 |  4- 6 |  7- 9 || total
---------------------------+-------+-------+-------++-------
  Melee: Unarmed           |    67 |     5 |       ||    72
         Constrict         |    15 |    25 |     7 ||    47
         Tentacles         |     9 |    20 |     4 ||    33
         War axe           |       |    88 |    34 ||   122
         Short sword       |       |    13 |       ||    13
         Punch             |       |     3 |       ||     3
  Evoke: Wand              |       |       |     1 ||     1
    Use: Scroll            |       |       |     3 ||     3
   Stab: Sleeping          |     8 |    15 |     8 ||    31
 Armour: Skin              |    16 |    58 |    24 ||    98
  Dodge: Dodged            |    44 |    85 |     9 ||   138

Table legend: (Time is in decaauts)
 A = Elapsed time spent in this place.
 B = Non-inter-level travel time spent in this place.
 C = Inter-level travel time spent in this place.
 D = Time resting spent in this place.
 E = Time spent auto-exploring this place.
 F = Levels seen in this place.
 G = Mean time per level.
                   A        B        C        D        E       F      G
               +--------+--------+--------+--------+--------+-----+--------+
         Total |   4681 |   4433 |    248 |    470 |   2388 |   7 |  668.7 |
       Dungeon |   4288 |   4040 |    248 |    470 |   2224 |   6 |  714.7 |
         Sewer |    392 |    392 |      0 |      0 |    164 |   1 |  392.0 |
               +--------+--------+--------+--------+--------+-----+--------+

Top non-repeatable levels by time:
     D:5: 983 daAuts
     D:3: 896 daAuts
     D:1: 768 daAuts
     D:2: 742 daAuts
     D:4: 715 daAuts
   Sewer: 392 daAuts
     D:6: 182 daAuts
